 Dungeon Crawl Stone Soup version 0.28-a0-628-g3c9886e45e (webtiles) character file.

Game seed: 6385008527642394780

12858 Cancer the Destroyer (level 11, -28/57 HPs)
             Began as a Gargoyle Conjurer on Oct 8, 2021.
             Was a Priest of Vehumet.
             Annihilated by a boulder beetle (45 damage)
             ... on level 12 of the Dungeon.
             The game lasted 01:02:51 (16694 turns).

Cancer the Destroyer (Gargoyle Conjurer)           Turns: 16694, Time: 01:02:52

Health: -28/57     AC: 16    Str: 17    XL:     11   Next: 99%
Magic:  32/36      EV: 12    Int: 22    God:    Vehumet [***...]
Gold:   583        SH:  0    Dex:  8    Spells: 27/34 levels left

rFire   . . .      SeeInvis .   p - +2 hand axe (drain)
rCold   + . .      Faith    .   (no shield)
rNeg    + . .      Spirit   .   Q - +2 robe {rC+}
rPois   ∞          Reflect  .   h - +0 helmet
rElec   +          Harm     .   t - +0 cloak
rCorr   .          Rampage  .   g - +0 pair of gloves
Will    .....                   b - +0 pair of boots
Stlth   ++........              (no amulet)
HPRegen 0.19/turn               E - ring of magical power
MPRegen 0.25/turn               J - +6 ring of strength

@: about to teleport
A: sickness immunity, AC +8, negative energy resistance 1, electricity
resistance, torment resistance 1, petrification resistance
a: Renounce Religion


You were on level 12 of the Dungeon.
You worshipped Vehumet.
Vehumet was most pleased with you.
You visited 2 branches of the dungeon, and saw 13 of its levels.

You collected 583 gold pieces.

Inventory:

Hand Weapons
 p - a +2 hand axe of draining (weapon)
Armour
 b - a +0 pair of boots (worn)
 g - a +0 pair of gloves (worn)
 h - a +0 helmet (worn)
 r - the +0 ring mail "Gilil" {+Inv rPois}
   (You found it on level 5 of the Dungeon)

   rPois:     It protects you from poison.
   +Inv:      It lets you turn invisible.
 t - a +0 cloak (worn)
 Q - a +2 robe of cold resistance (worn)
Jewellery
 a - a ring of ice
 c - a ring of ice
 E - a ring of magical power (left hand)
 J - a +6 ring of strength (right hand)
Wands
 s - a wand of flame (25)
 L - a wand of acid (4)
 O - a wand of paralysis (8)
Scrolls
 d - 5 scrolls of teleportation
 f - 10 scrolls of identify {unknown}
 i - 3 scrolls of fog {unknown}
 j - 5 scrolls of noise {unknown}
 q - 3 scrolls of immolation {unknown}
 v - a scroll of fear {unknown}
 w - a scroll of vulnerability {unknown}
 x - 2 scrolls of amnesia {unknown}
 y - a scroll of blinking {unknown}
 G - 2 scrolls of enchant armour {unknown}
 K - a scroll of silence {unknown}
 P - a scroll of acquirement {unknown}
Potions
 e - a potion of brilliance {unknown}
 l - 3 potions of attraction {unknown}
 m - 4 potions of might
 u - a potion of lignification {unknown}
 z - 3 potions of flight {unknown}
 A - 4 potions of curing {unknown}
 B - a potion of haste {unknown}
 H - a potion of invisibility {unknown}
 I - 2 potions of heal wounds {unknown}
 M - a potion of mutation {unknown}
 N - a potion of cancellation {unknown}


   Skills:
 - Level 2.0 Fighting
 - Level 2.0 Dodging
 - Level 2.1 Stealth
 + Level 12.0 Spellcasting
 + Level 14.6 Conjurations
 - Level 2.0 Hexes
 + Level 3.5 Earth Magic


You had 27 spell levels left.
You knew the following spells:

 Your Spells              Type           Power      Damage    Failure   Level
a - Magic Dart            Conj           100%       1d8       0%          1
b - Searing Ray           Conj           100%       2d8       0%          2
c - Fulminant Prism       Conj/Hex       24%        3d13      1%          4

Your spell library contained the following spells:

 Spells                   Type           Power      Damage    Failure   Level
 Frozen Ramparts          Ice            26%        1d4       4%          3
 Dazzling Flash           Conj/Hex       98%        N/A       1%          3
 Iskenderun's Mystic Bla  Conj/Tloc      45%        2d10      1%          4
 Beastly Appendage        Tmut           26%        N/A       4%          1
 Wereblood                Tmut           13%        N/A       8%          2
 Spider Form              Tmut/Pois      6%         N/A       14%         3
 Borgnjor's Vile Clutch   Necr/Erth      10%        N/A       54%         5
 Alistair's Intoxication  Tmut/Pois      8%         N/A       80%         5
 Eringya's Noxious Bog    Tmut/Pois      6%         N/A       85%         6


Dungeon Overview and Level Annotations

Branches:
Dungeon (12/15)            Temple (1/1) D:4            Lair (0/6) D:11
    Orc (0/2) D:9

Altars:
Ashenzari
Cheibriados
Dithmenos
Elyvilon
Fedhas
Gozag
Hepliaklqana
Kikubaaqudgha
Makhleb
Nemelex Xobeh
Okawaru
Qazlal
Ru
Sif Muna
Trog
Uskayaw
Vehumet
Wu Jian
Xom
Yredelemnul
Zin
The Shining One

Shops:
D:2 [

Annotations:
D:4 wall
D:9 fire
D:11 stash
D:12 snort, Erolcha


Innate Abilities, Weirdness & Mutations

You are immune to sickness and miasma.
Your stone body is resilient. (AC +8)
You are immune to poison.
You resist negative energy. (rN+)
You are resistant to electric shocks. (rElec)
You are resistant to unholy torment.
You are immune to petrification.


Message History

The large slime creature hits you but does no damage.
The wraith hits you. The wraith drains your vigour!
You feel yourself slow down.
You hit the wraith but do no damage. You hit the large slime creature.
You hear the loud beating of a drum nearby.
Your surroundings suddenly seem different.
You hear a loud crackle.
You feel yourself speed up.
Found an orange potion.
A five-headed hydra comes into view.
The five-headed hydra roars!
The five-headed hydra moves out of view.
The five-headed hydra completely misses you.
The five-headed hydra bites you but does no damage.
The five-headed hydra completely misses you.
The five-headed hydra bites you but does no damage.
The five-headed hydra bites you.
A boulder beetle comes into view.
The five-headed hydra bites you but does no damage. x2
The five-headed hydra bites you. The five-headed hydra bites you!
* * * LOW HITPOINT WARNING * * *
The five-headed hydra bites you but does no damage.
The boulder beetle curls into a ball and begins rolling!
The boulder beetle stops rolling and uncurls.
You open the door.
The boulder beetle curls into a ball and begins rolling!
The five-headed hydra completely misses you.
The five-headed hydra bites you but does no damage. x2
The five-headed hydra closely misses you.
The five-headed hydra bites you.
* * * LOW HITPOINT WARNING * * *
There is an open door here.
The boulder beetle hits you but does no damage.
The boulder beetle stops rolling and uncurls.
The boulder beetle curls into a ball and begins rolling!
As you read the scroll of teleportation, it crumbles to dust.
You feel strangely unstable. The boulder beetle hits you!!!
Ouch! That really hurt!
You die...

#.##### #. . ..
... ...#######..
........
################
#.....D○B@.....#
#!....#######..#
#.......#......#
#.......#..°...+
##......#.°....##
#......#.B......#
#......#○○......+
#......'°.......#
#......#........#


You could see a boulder beetle (rolling) and a five-headed hydra.

Vanquished Creatures
  Fannar (D:10)
  5 two-headed ogres
  Nergalle (D:10)
  Pikel (D:4)
  An oklob plant (D:4)
  An ugly thing (D:11)
  A gargoyle (D:11)
  Joseph (D:7)
  Psyche (D:10)
  A troll (D:11)
  A hornet (D:9)
  A slime creature (D:12)
  A vampire (D:11)
  2 wyverns (D:11)
  A wraith (D:10)
  10 yaks (D:10)
  A basilisk (shapeshifter) (D:11)
  Menkaure (D:7)
  Edmund (D:5)
  2 acid dragons
  A water moccasin (D:8)
  5 orc warriors
  A necrophage (D:5)
  A sky beast (D:4)
  An ogre (D:4)
  4 centaurs
  2 lemures
  A phantom (D:6)
  2 kobold brigands
  2 gnoll sergeants
  2 scorpions
  2 bullfrogs
  13 killer bees
  5 wights (D:6)
  A howler monkey (D:5)
  2 centaur zombies
  6 hounds
  An orc priest (D:11)
  2 jellies
  Crazy Yiuf (D:2)
  A bullfrog skeleton (D:5)
  6 orc wizards
  5 iguanas
  A killer bee zombie (D:9)
  A human simulacrum (D:9)
  A howler monkey zombie (D:8)
  9 gnolls
  A howler monkey skeleton (D:7)
  9 adders
  A white imp (D:4)
  An ufetubus (D:4)
  An adder skeleton (D:4)
  A dart slug (D:4)
  32 orcs
  3 bats
  4 endoplasms
  3 giant cockroaches
  4 goblins
  4 hobgoblins
  5 jackals
  2 quokkas
  4 ball pythons
  A frilled lizard (D:1)
  18 kobolds
  A rat (D:1)
209 creatures vanquished.

Vanquished Creatures (others)
  A human simulacrum (D:9)
  An orc (D:9)
  A bush (D:7)
  75 fulminant prisms
  14 fungi (D:4)
  39 plants
131 creatures vanquished.

Grand Total: 340 creatures vanquished

Notes
Turn   | Place    | Note
-------+----------+-------------------------------------------
     0 | D:1      | Cancer the Gargoyle Conjurer began the quest for the Orb.
     0 | D:1      | Reached XP level 1. HP: 10/10 MP: 3/3
   298 | D:1      | Found a faded altar of an unknown god.
   380 | D:1      | Reached XP level 2. HP: 6/15 MP: 3/5
  1576 | D:2      | Reached XP level 3. HP: 19/19 MP: 3/6
  1579 | D:2      | Learned a level 2 spell: Searing Ray
  1932 | D:2      | Reached skill level 5 in Conjurations
  2075 | D:2      | Found Rysaajoq's Antique Armour Boutique.
  2329 | D:2      | Found a runed translucent door.
  2330 | D:2      | Noticed Crazy Yiuf
  2618 | D:3      | Reached XP level 4. HP: 24/24 MP: 4/8
  2964 | D:3      | Noticed a bullfrog
  2974 | D:3      | Found an ancient bone altar of Kikubaaqudgha.
  3005 | D:3      | Found a radiant altar of Vehumet.
  3013 | D:3      | Became a worshipper of Vehumet
  3033 | D:3      | Found a shimmering blue altar of Sif Muna.
  3053 | D:3      | Found a shadowy altar of Dithmenos.
  3161 | D:3      | Killed a bullfrog
  3162 | D:3      | Reached XP level 5. HP: 17/28 MP: 2/10
  3532 | D:4      | Reached skill level 6 in Conjurations
  3556 | D:4      | Found an ornate altar of the Wu Jian Council.
  3570 | D:4      | Noticed a water elemental
  3574 | D:4      | Found a stormy altar of Qazlal.
  3577 | D:4      | Noticed a fire elemental
  3577 | D:4      | Noticed an air elemental
  3609 | D:4      | Reached * piety under Vehumet
  3609 | D:4      | Offered knowledge of Foxfire by Vehumet.
  3615 | D:4      | Learned a level 4 spell: Fulminant Prism
  3659 | D:4      | Noticed an ogre
  3699 | D:4      | Noticed a sky beast
  3721 | D:4      | Found a blossoming altar of Fedhas.
  3733 | D:4      | Noticed an oklob plant
  4086 | D:4      | Reached XP level 6. HP: 32/32 MP: 7/12
  4126 | D:4      | Found a staircase to the Ecumenical Temple.
  4144 | Temple   | Entered the Ecumenical Temple
  4418 | D:4      | Reached skill level 1 in Hexes
  4610 | D:4      | Reached XP level 7. HP: 28/36 MP: 12/14
  4900 | D:4      | Reached skill level 7 in Conjurations
  4941 | D:5      | Entered Level 5 of the Dungeon
  4941 | D:5      | Noticed Pikel
  5199 | D:5      | Identified the +0 ring mail "Gilil" {+Inv rPois}
  5390 | D:5      | Reached skill level 5 in Spellcasting
  5441 | D:5      | Noticed Edmund
  5443 | D:5      | Reached skill level 1 in Fighting
  5648 | D:5      | Found an opulent altar of Gozag.
  5694 | D:4      | HP: 1/38 [lemure[Pikel] (7)]
  6227 | D:5      | Reached XP level 8. HP: 43/44 MP: 7/16
  6637 | D:2      | Killed Crazy Yiuf
  6869 | D:6      | Found a burning altar of Makhleb.
  6898 | D:6      | Reached skill level 8 in Conjurations
  6973 | D:6      | Offered knowledge of Freeze by Vehumet.
  7115 | D:6      | Reached ** piety under Vehumet
  7518 | D:7      | Noticed Menkaure
  7524 | D:7      | Killed Menkaure
  7624 | D:6      | Reached skill level 9 in Conjurations
  8203 | D:7      | Noticed Joseph
  8908 | D:7      | Reached XP level 9. HP: 48/48 MP: 16/19
  9026 | D:5      | Killed Edmund
  9160 | D:4      | Killed Pikel
  9161 | D:4      | Reached skill level 10 in Conjurations
  9238 | D:4      | Killed an oklob plant
  9573 | D:8      | Found a glowing golden altar of the Shining One.
  9696 | D:8      | Offered knowledge of Mephitic Cloud by Vehumet.
  9778 | D:8      | Noticed a two-headed ogre
 10124 | D:8      | Killed a two-headed ogre
 10125 | D:8      | Reached skill level 11 in Conjurations
 10125 | D:8      | Reached XP level 10. HP: 53/53 MP: 20/23
 10257 | D:8      | Found a glowing silver altar of Zin.
 11146 | D:9      | Reached *** piety under Vehumet
 11379 | D:9      | Noticed a two-headed ogre
 11411 | D:9      | Killed a two-headed ogre
 11412 | D:9      | Reached skill level 12 in Conjurations
 11421 | D:9      | Noticed a two-headed ogre
 11444 | D:9      | Killed a two-headed ogre
 11445 | D:9      | Reached skill level 10 in Spellcasting
 12331 | D:9      | Found a staircase to the Orcish Mines.
 12382 | D:9      | Found a sacrificial altar of Ru.
 12431 | D:10     | Entered Level 10 of the Dungeon
 12471 | D:10     | Noticed a two-headed ogre
 12732 | D:10     | Noticed Nergalle
 12917 | D:7      | Killed Joseph
 13011 | D:10     | Offered knowledge of Frozen Ramparts by Vehumet.
 13012 | D:10     | Reached skill level 13 in Conjurations
 13013 | D:10     | Reached XP level 11. HP: 53/57 MP: 25/25
 13259 | D:10     | Noticed Fannar
 13332 | D:10     | Killed Nergalle
 13350 | D:10     | Noticed a two-headed ogre
 13359 | D:10     | Killed a two-headed ogre
 13852 | D:10     | Noticed Psyche
 13877 | D:10     | Killed Psyche
 13942 | D:10     | Killed a two-headed ogre
 13943 | D:10     | Reached skill level 14 in Conjurations
 14438 | D:10     | Killed Fannar
 14917 | D:11     | Found a staircase to the Lair.
 15015 | D:11     | Reached skill level 1 in Earth Magic
 15021 | D:11     | Noticed a cyan ugly thing
 15038 | D:11     | Killed a cyan ugly thing
 16556 | D:12     | Noticed Erolcha
 16665 | D:12     | Noticed a five-headed hydra
 16667 | D:12     | Noticed a boulder beetle
 16694 | D:12     | Annihilated by a boulder beetle

Illustrated notes

Levels and vault maps discovered:
D:1:      dpeg_chamrin_arrival_tetris, layout_loops_ring,
          hellmonk_ecumenical_altar_inner_sanctum
D:2:      layout_basic, serial_shops, shop, roderic_lattice_a,
          uniq_crazy_yiuf_cottage
D:3:      layout_loops_ring, overflow_temple_1_default,
          nicolae_sif_muna_condensation, mainiacjoe_overflow_paths,
          overflow_temple_1_default, serial_bayou_lagoon_b
D:4:      layout_basic, tgw_fedhas, nzn_wu_jian_contemplation,
          nicolae_qazlal_style_of_elements, minmay_temple_entry_large_hall,
          grunt_ministairs_6
D:5:      layout_basic, grunt_gozag_statues, kennysheep_generic_room_13,
          uniq_edmund, uniq_pikel
D:6:      layout_basic, mainiacjoe_overflow_cross_hatched
D:7:      layout_basic, kb_lookout_dungeons_type, uniq_menkaure, uniq_joseph
D:8:      layout_cave_pools, mainiacjoe_overflow_alcove_1, zin_academy
D:9:      layout_basic, general_overflow_altar, david_orc_2, bh_circular_ruins
D:10:     layout_roguey, uniq_psyche, uniq_fannar, uniq_nergalle
D:11:     layout_loops_ring, lair_entry_dummy, serial_glass, glass_columns_a,
          glass_columns_a, glass_columns_b, glass_columns_c, glass_columns_a,
          glass_columns_a
D:12:     layout_gridville, serial_co_window_serial, co_window_corner_a,
          co_window_paths_b, co_window_paths_a, co_window_paths_a,
          co_window_paths_a, co_window_corner_ca, co_window_corner_cb,
          co_window_corner_b, co_window_unsneaky_path_b,
          co_window_of_opportunity_b, co_window_unsneaky_path_b,
          co_window_4corner_a, co_window_4corner_b, gauntlet_entry_generic,
          uniq_erolcha
Temple:   cyrus_temple_forest

Skill      XL: |  1  2  3  4  5  6  7  8  9 10 11 |
---------------+----------------------------------+-----
Conjurations   | 5 6 7 9 11 13 14 | 14.6
Spellcasting   | 3 4 5 7 9 10 12 | 12.0
Hexes          | 2 |  2.0
Dodging        | 2 |  2.0
Fighting       | 2 |  2.0
Earth Magic    | 3 |  3.5
Stealth        | |  2.1

Action                   |  1- 3 |  4- 6 |  7- 9 | 10-12 || total
-------------------------+-------+-------+-------+-------++-------
Melee: Dagger            |    69 |    74 |       |       ||   143
       Unarmed           |     1 |       |       |       ||     1
       Mace              |       |    27 |       |       ||    27
       Hand axe          |       |     6 |   124 |   145 ||   275
 Cast: Magic Dart        |    21 |       |       |       ||    21
       Searing Ray       |     5 |    19 |    37 |    46 ||   107
       Fulminant Prism   |       |       |    13 |    62 ||    75
  Use: Scroll            |       |       |       |     2 ||     2
 Stab: Sleeping          |     2 |     2 |     1 |       ||     5
Armor: Robe              |    45 |    57 |   116 |   150 ||   368
       Skin              |       |       |       |    10 ||    10
Dodge: Dodged            |    43 |    93 |   178 |   209 ||   523

Table legend: (Time is in decaauts)
 A = Elapsed time spent in this place.
 B = Non-inter-level travel time spent in this place.
 C = Inter-level travel time spent in this place.
 D = Time resting spent in this place.
 E = Time spent auto-exploring this place.
 F = Levels seen in this place.
 G = Mean time per level.
                   A        B        C        D        E       F      G
               +--------+--------+--------+--------+--------+-----+--------+
         Total |  16849 |  14673 |   2176 |   1769 |   7260 |  13 | 1296.1 |
       Dungeon |  16768 |  14592 |   2176 |   1769 |   7260 |  12 | 1397.3 |
        Temple |     80 |     80 |      0 |      0 |      0 |   1 |   80.0 |
               +--------+--------+--------+--------+--------+-----+--------+

Top non-repeatable levels by time:
     D:9: 2200 daAuts
    D:10: 1985 daAuts
     D:4: 1967 daAuts
     D:7: 1757 daAuts
    D:11: 1558 daAuts
     D:6: 1408 daAuts
     D:2: 1380 daAuts
     D:3: 1322 daAuts
     D:5: 1224 daAuts
     D:1: 1210 daAuts
     D:8: 633 daAuts
    D:12: 119 daAuts
  Temple: 80 daAuts
